 Dungeon Crawl Stone Soup version 0.27-a0-46-g34d46f0a3f (webtiles) character file.

Game seed: 3660755591419177750

317 Borgoz the Slasher (level 6, -1/51 HPs)
             Began as a Ghoul Gladiator on Jan 6, 2021.
             Slain by Dowan
             ... wielding a +6 dagger of holy wrath
              (7 damage)
             ... on level 4 of the Dungeon.
             The game lasted 00:06:01 (3945 turns).

Borgoz the Slasher (Ghoul Gladiator)                Turns: 3945, Time: 00:06:02

Health: -1/51      AC:  7    Str: 19    XL:     6   Next: 44%
Magic:  5/5        EV: 12    Int:  3    God:
Gold:   242        SH:  0    Dex:  7    Spells: 5/5 levels left

rFire    + . .     SeeInvis +   a - +1 long sword
rCold    + . .     Faith    .   (no shield)
rNeg     + + +     Spirit   .   v - +1 ring mail {rF+}
rPois    ∞         Reflect  .   c - +0 helmet
rElec    .         Harm     .   (no cloak)
rCorr    .         Rampage  .   (no gloves)
Will     .....                  (no boots)
Stlth    ..........             (no amulet)
HPRegen  0.00/turn              g - ring of see invisible
MPRegen  0.09/turn              w - -4 ring of dexterity (curse)

@: very slightly contaminated, invisible
A: claws 1, cold resistance 1, negative energy resistance 3, inhibited
regeneration, torment resistance, unbreathing
a: no special abilities


You were on level 4 of the Dungeon.
You visited 1 branch of the dungeon, and saw 4 of its levels.
You also visited: Sewer.

You collected 242 gold pieces.

Inventory:

Hand Weapons
 a - a +1 long sword (weapon)
 b - a +2 dagger of speed
Missiles
 d - 3 throwing nets (quivered)
Armour
 c - a +0 helmet (worn)
 v - a +1 ring mail of fire resistance (worn)
Jewellery
 g - a ring of see invisible (left claw)
 w - a cursed -4 ring of dexterity (right claw)
Wands
 i - a wand of iceblast (4)
Scrolls
 f - 2 scrolls of teleportation
 k - 2 scrolls of blinking
 n - 2 scrolls of fear
 r - a scroll of remove curse {unknown}
Potions
 e - a potion of magic
 h - 2 potions of haste
 j - a potion of heal wounds {unknown}
 l - a potion of brilliance
 m - 2 potions of curing {unknown}
 o - a potion of cancellation {unknown}
 p - 2 potions of flight
 q - a potion of invisibility
 t - a potion of resistance


   Skills:
 + Level 3.6 Fighting
 * Level 4.5 Long Blades
 - Level 1.7 Throwing
 * Level 4.5 Dodging


You had 5 spell levels left.
You didn't know any spells.
Your spell library was empty.

Dungeon Overview and Level Annotations

Branches:
Dungeon (4/15)              Sewer (visited)
 Temple: D:4-7

Altars:
Ashenzari
Dithmenos
Uskayaw

Shops:
D:4 [

Annotations:
D:4 Dowan, Duvessa


Innate Abilities, Weirdness & Mutations

You thrive by killing the living.
You are immune to poison.
You have sharp fingernails.
Your flesh is cold resistant. (rC+)
You are immune to negative energy. (rN+++)
You do not regenerate when monsters are visible.
You are immune to unholy pain and torment.
You can survive without breathing.


Message History

Duvessa is almost dead.
Dowan gestures at the adder while chanting.
The adder resists with significant effort.
You hit the adder.
The adder is lightly wounded.
The adder barely misses you. Duvessa hits you but does no damage.
Dowan says, "Stay away from my face!"
The adder barely misses you.
You hit Duvessa but do no damage.
Duvessa is almost dead.
Duvessa hits you with a +0 short sword.
* * * LOW HITPOINT WARNING * * *
Dowan casts a spell at you. The puff of flame misses you.
The adder closely misses you.
You hit Duvessa but do no damage.
Duvessa is almost dead.
Duvessa completely misses you.
You riposte.
You hit Duvessa.
Duvessa is almost dead.
Dowan hits you with a +6 dagger of holy wrath!
You die...

#.......## #......##
##....## ######
#....# #......
##..## .......
##..###.[.....
###...##........
###..(..##ee.$....
##...##..#.@S......
##...####..........#
#.#### ####...#####
### #####


You could see Duvessa (invisible), Dowan and an adder (corona).

Vanquished Creatures
  An iguana (D:4)
  An orc wizard (D:4)
  Natasha (D:4)
  A worker ant (D:4)
  2 adders (D:2)
  7 oozes
  An adder skeleton (D:4)
  5 worms
  2 dart slugs (D:1)
  12 leopard geckos
  9 orcs
  16 bats
  6 giant cockroaches
  5 goblins
  13 hobgoblins
  11 jackals
  11 kobolds
  5 ball pythons
  7 frilled lizards
  12 rats
128 creatures vanquished.

Notes
Turn   | Place    | Note
-------+----------+-------------------------------------------
     0 | D:1      | Borgoz the Ghoul Gladiator began the quest for the Orb.
     0 | D:1      | Reached XP level 1. HP: 17/17 MP: 0/0
   126 | D:1      | Reached XP level 2. HP: 23/25 MP: 1/1
   228 | D:1      | Reached XP level 3. HP: 30/30 MP: 2/2
   986 | D:2      | Reached XP level 4. HP: 37/37 MP: 3/3
  1018 | D:2      | Found a broken altar of Ashenzari.
  1235 | D:2      | Found a hide-covered altar of Uskayaw.
  1239 | D:2      | Found a shadowy altar of Dithmenos.
  1598 | D:2      | You fall into a shaft and drop 1 floor!
  1692 | D:3      | Found a glowing drain.
  1706 | Sewer    | Entered a sewer
  1710 | Sewer    | Reached XP level 5. HP: 44/45 MP: 4/4
  3241 | D:4      | Found Numerhuq's Antique Armour Emporium.
  3381 | D:4      | Reached XP level 6. HP: 51/51 MP: 5/5
  3754 | D:4      | Noticed Natasha
  3765 | D:4      | Killed Natasha
  3926 | D:4      | Noticed Duvessa
  3927 | D:4      | Noticed Dowan
  3945 | D:4      | Slain by Dowan

Illustrated notes

Levels and vault maps discovered:
D:1:      lemuel_arrival_river_bridge, layout_basic, minmay_pentomino_v4
D:2:      kennysheep_big_flooded_room, layout_basic,
          nicolae_ashenzari_panopticon, gammafunk_temple_overflow_forgotten
D:3:      layout_loops_ring, portal_sewer_entry_f,
          minmay_randomly_rotated_circles
D:4:      layout_cave_pods, nicolae_ossuary_entry_plus, serial_shops,
          nicolae_shop_crystal, uniq_natasha, uniq_duvessa

Skill      XL: |  1  2  3  4  5 |
---------------+----------------+-----
Long Blades    | 3 4 |  4.5
Dodging        | 3 4 |  4.5
Fighting       | 3 |  3.6
Throwing       | |  1.7

Action                   |  1- 3 |  4- 6 || total
-------------------------+-------+-------++-------
Melee: Long sword        |    99 |   258 ||   357
Throw: Throwing net      |       |     1 ||     1
  Use: Potion            |     2 |     8 ||    10
       Scroll            |     5 |     7 ||    12
 Stab: Invisible         |     1 |     2 ||     3
Armor: Ring mail         |    42 |    48 ||    90
       Scale mail        |       |    89 ||    89
Dodge: Dodged            |    71 |   214 ||   285
       Rpst.: Long sword |    22 |    68 ||    90

Table legend: (Time is in decaauts)
 A = Elapsed time spent in this place.
 B = Non-inter-level travel time spent in this place.
 C = Inter-level travel time spent in this place.
 D = Time resting spent in this place.
 E = Time spent auto-exploring this place.
 F = Levels seen in this place.
 G = Mean time per level.
                   A        B        C        D        E       F      G
               +--------+--------+--------+--------+--------+-----+--------+
         Total |   4162 |   3994 |    168 |    356 |   2614 |   5 |  832.4 |
       Dungeon |   3238 |   3070 |    168 |    128 |   2159 |   4 |  809.5 |
         Sewer |    924 |    924 |      0 |    228 |    455 |   1 |  924.0 |
               +--------+--------+--------+--------+--------+-----+--------+

Top non-repeatable levels by time:
     D:1: 931 daAuts
   Sewer: 924 daAuts
     D:3: 877 daAuts
     D:4: 726 daAuts
     D:2: 702 daAuts
